 Seeded DCSS version 0.29.1-12-g30fa7ad0bf (webtiles) character file.

Game seed: 20230118 (custom seed)

63 stormannn the Grave Robber (level 4, -3/37 HPs)
             Began as a Ghoul Necromancer on Jan 18, 2023.
             Slain by a gnoll
             ... wielding a +0 club
              (9 damage)
             ... on level 2 of the Dungeon.
             The game lasted 00:03:10 (1527 turns).

stormannn the Grave Robber (Ghoul Necromancer)      Turns: 1527, Time: 00:03:11

Health: -3/37      AC:  2    Str: 11    XL:     4   Next: 10%
Magic:  2/5        EV: 12    Int: 10    God:
Gold:   102        SH:  0    Dex: 11    Spells: 5/6 levels left

rFire   . . .      SeeInvis .     - Unarmed
rCold   + . .      Faith    .   (no shield)
rNeg    + + +      Spirit   .   a - +0 robe
rPois   ∞          Reflect  .   (no helmet)
rElec   .          Harm     .   (no cloak)
rCorr   .          Rampage  .   (no gloves)
Will    .....                   (no boots)
Stlth   ++........              (no amulet)
HPRegen 0.00/turn               k - +4 ring of slaying
MPRegen 0.09/turn               (no ring)

@: inhibited regen
A: claws 1, cold resistance 1, negative energy resistance 3, inhibited
regeneration, torment resistance 2, devour on kill
a: no special abilities


You were on level 2 of the Dungeon.
You visited 1 branch of the dungeon, and saw 2 of its levels.

You collected 102 gold pieces.

Inventory:

Armour
 a - a +0 robe (worn)
Jewellery
 k - a +4 ring of slaying (left claw)
Scrolls
 c - 4 scrolls of identify {unknown}
 i - a scroll of enchant armour {unknown}
 l - 3 scrolls of enchant weapon {unknown}
 m - a scroll of magic mapping {unknown}
Potions
 b - a potion of magic
 d - 2 potions of curing {unknown}
 e - 2 potions of mutation {unknown}
 f - a potion of might {unknown}
 g - 2 potions of lignification {unknown}
 h - 2 potions of brilliance {unknown}
 j - a potion of flight {unknown}


   Skills:
 * Level 2.3 Fighting
 + Level 2.3 Dodging
 - Level 2.1 Stealth
 * Level 2.3 Unarmed Combat
 - Level 1.7 Spellcasting
 - Level 4.0 Necromancy


You had 5 spell levels left.
You knew the following spells:

 Your Spells              Type           Power      Damage    Failure   Level
a - Necrotise             Necr           32%        1d5       6%          1

Your spell library contained the following spells:

 Spells                   Type           Power      Damage    Failure   Level
 Vampiric Draining        Necr           8%         2d6       19%         3
 Animate Dead             Necr           8%         N/A       52%         4
 Agony                    Necr           8%         N/A       86%         5
 Petrify                  Tmut/Erth      0%         N/A       97%         4
 Irradiate                Conj/Tmut      0%         3d11      100%        5
 Sublimation of Blood     Necr           Unusable   N/A       N/A         2

Dungeon Overview and Level Annotations

Branches:
Dungeon (2/15)

Altars:


Innate Abilities, Weirdness & Mutations

You are immune to poison.
You have sharp fingernails.
Your flesh is cold resistant. (rC+)
You are immune to negative energy. (rN+++)
You do not regenerate when monsters are visible.
You are immune to unholy pain and torment.
You thrive by killing the living.


Message History

g - Guard the area. f - Follow me.
Anything else - Cancel.
You shout for attention!
What are your orders? t - Shout!
Orders for allies: a - Attack new target. r - Retreat! s - Stop attacking. g - Guard the area. f - Follow me.
Anything else - Cancel.
You shout for attention!
What are your orders? t - Shout!
Orders for allies: a - Attack new target. r - Retreat! s - Stop attacking. g - Guard the area. f - Follow me.
Anything else - Cancel.
Okay, then.
Things that are here:
a +0 whip; a +0 flail; a gnoll corpse A gnoll comes into view.
It is wielding a +0 spear.
The gnoll moves out of view.
The gnoll barely misses you.
You claw the gnoll!
The gnoll is severely wounded.
The gnoll hits you from afar with a +0 spear.
The gnoll closely misses you.
You scratch the gnoll.
The gnoll is almost dead.
The gnoll barely misses you. The gnoll hits you with a +0 club.
Your gnoll skeleton closely misses the gnoll.
Casting: Necrotise (safe; 6% risk of failure)
Confirm with . or Enter, or press ? or * to list all spells.
Aiming: Necrotise (safe; 6% risk of failure)
Press: ? - help, Shift-Dir - straight line, f - gnoll
Aim: a gnoll, wielding a +0 club (almost dead, ally target, chance to affect: 67%)
The gnoll struggles to resist.
The gnoll hits you from afar with a +0 spear.
* * * LOW HITPOINT WARNING * * *
The gnoll hits you with a +0 club!
You die...

#..........#
#..........#
#..........#
#..........#
#..........#
#..........#
#..........#
#..g@......#
#..g#Z#######
#...# #.# ..#
#.# # ###.#
#...# #)###
###.#
##...#######


You could see 2 gnolls and a friendly gnoll skeleton.

Vanquished Creatures
  2 gnolls (D:2)
  An adder (D:2)
  A dart slug (D:2)
  An endoplasm (D:1)
  2 giant cockroaches (D:2)
  2 goblins (D:2)
  7 hobgoblins
  2 jackals (D:1)
  2 kobolds
  A quokka (D:2)
  3 ball pythons
  3 bats (D:1)
  A frilled lizard (D:2)
  2 rats (D:1)
30 creatures vanquished.

Notes
Turn   | Place    | Note
-------+----------+-------------------------------------------
     0 | D:1      | stormannn the Ghoul Necromancer began the quest for the
                  | Orb.
     0 | D:1      | Reached XP level 1. HP: 14/14 MP: 2/2
   243 | D:1      | Reached skill level 1 in Fighting
   243 | D:1      | Reached skill level 1 in Unarmed Combat
   243 | D:1      | Reached XP level 2. HP: 19/23 MP: 3/3
   824 | D:1      | Found a faded altar of an unknown god.
  1206 | D:2      | Reached XP level 3. HP: 28/28 MP: 4/4
  1509 | D:2      | Reached XP level 4. HP: 21/37 MP: 2/5
  1527 | D:2      | Slain by a gnoll

Illustrated notes

Levels and vault maps discovered:
D:1:      saegor_arrival_fortress, layout_basic, basic_ecumenical_altar,
          chequers_serial_rivers_micro_e, st_stairs_14, minmay_domino_2
D:2:      layout_rooms

Skill      XL: |  1  2  3 |
---------------+----------+-----
Fighting       | 1 2 |  2.3
Unarmed Combat | 1 2 |  2.3
Dodging        | 2 |  2.3
Stealth        | |  2.1
Spellcasting   | |  1.7
Necromancy     | |  4.0

Action                   |  1- 3 |  4- 6 || total
-------------------------+-------+-------++-------
Melee: Unarmed           |   111 |     2 ||   113
 Cast: Necrotise         |     5 |     1 ||     6
 Stab: Sleeping          |     3 |       ||     3
Armor: Robe              |    29 |       ||    29
Dodge: Dodged            |    90 |     3 ||    93
